 Dungeon Crawl Stone Soup version 0.30.1-3-gfc49f6343a (webtiles) character file.

Game seed: 8217904440099095748

697 jtron the Thaumaturge (level 7, 0/56 HPs)
             Began as a Gnoll Wanderer on Aug 8, 2023.
             Slain by a phantom (2 damage)
             ... on level 5 of the Dungeon.
             The game lasted 00:08:54 (3348 turns).

jtron the Thaumaturge (Gnoll Wanderer)              Turns: 3348, Time: 00:08:54

Health: 0/56       AC:  8    Str: 11    XL:     7   Next: 65%
Magic:  14/20      EV: 13    Int: 12    God:
Gold:   1196       SH:  0    Dex: 13    Spells: 20/25 levels left

rFire   . . .        a - +2 short sword (speed)
rCold   + . .        (no shield)
rNeg    . . .        c - +2 robe
rPois   .            (no helmet)
rElec   .            s - +2 cloak
rCorr   .            z - +0 pair of gloves
SInv    .            (no boots)
Will    .....        (no amulet)
Stlth   ++           y - ring of protection from cold
HPRegen 0.29/turn    (no ring)
MPRegen 0.17/turn

%: no passive effects
@: no status effects
A: fangs 1, strong nose, distributed training
a: no special abilities


You were on level 5 of the Dungeon.
You visited 1 branch of the dungeon, and saw 5 of its levels.

You collected 1196 gold pieces.

Inventory:

Hand Weapons
 a - a +2 short sword of speed (weapon)
 e - a +2 short sword of venom
 j - a +0 dagger
Missiles
 g - 4 poisoned darts (quivered)
 o - 5 boomerangs
 p - 2 silver javelins
Armour
 c - a +2 robe (worn)
 s - a +2 cloak (worn)
 z - a +0 pair of gloves (worn)
Jewellery
 y - a ring of protection from cold (left hand)
Scrolls
 f - 2 scrolls of identify
 h - a scroll of vulnerability
 v - a scroll of fear {unknown}
Potions
 b - a potion of attraction
 d - 2 potions of invisibility {unknown}
 k - a potion of magic {unknown}
 l - a potion of lignification {unknown}
 m - a potion of flight {unknown}
 n - a potion of brilliance {unknown}
 q - a potion of degeneration {unknown}
 r - 2 potions of might {unknown}
 t - a potion of haste {unknown}
 w - a potion of berserk rage {unknown}
 x - a potion of cancellation {unknown}


   Skills:
 + Level 5.4 Fighting
 + Level 2.7 Short Blades
 + Level 2.7 Long Blades
 + Level 2.7 Axes
 + Level 2.7 Maces & Flails
 + Level 2.7 Polearms
 + Level 2.7 Staves
 + Level 2.7 Ranged Weapons
 + Level 2.7 Throwing
 + Level 2.7 Armour
 + Level 3.8 Dodging
 + Level 3.6 Stealth
 + Level 2.7 Shields
 + Level 2.7 Unarmed Combat
 + Level 9.7 Spellcasting
 + Level 2.2 Conjurations
 + Level 2.2 Hexes
 + Level 2.2 Summonings
 + Level 2.2 Necromancy
 + Level 2.2 Translocations
 + Level 2.2 Transmutations
 + Level 2.2 Fire Magic
 + Level 2.2 Ice Magic
 + Level 2.2 Air Magic
 + Level 2.2 Earth Magic
 + Level 4.4 Poison Magic
 + Level 3.0 Invocations
 + Level 2.7 Evocations


You had 20 spell levels left.
You knew the following spells:

 Your Spells              Type           Power      Damage    Failure   Level
a - Sting                 Tmut/Pois      52%        1d5       3%          1
b - Mephitic Cloud        Conj/Pois/Air  12%        N/A       11%         3
c - Shock                 Conj/Air       44%        1d5       4%          1

Your spell library contained the following spells:

 Spells                   Type           Power      Damage    Failure   Level
 Apportation              Tloc           22%        N/A       4%          1
 Necrotise                Necr           44%        1d6       4%          1
 Summon Small Mammal      Summ           44%        N/A       4%          1
 Poisonous Vapours        Pois/Air       26%        N/A       4%          2


Dungeon Overview and Level Annotations

Branches:
Dungeon (5/15)
 Temple: D:4-7

Altars:
Dithmenos
Elyvilon
Kikubaaqudgha
Sif Muna
Vehumet


Innate Abilities, Weirdness & Mutations

You have very sharp teeth.
Your uncanny sense of smell can sniff out nearby items.
Your experience applies equally to all skills.


Message History

Aim: a gnoll, wielding a +0 club (covering ground quickly, 75% to hit)
The sting misses the gnoll.
The sting hits the phantom.
The phantom partially resists.
The phantom is moderately damaged.
The gnoll hits you from afar with a +0 halberd!
* * * LOW HITPOINT WARNING * * *
The gnoll hits you but does no damage.
You feel better.
The gnoll hits you from afar with a +0 halberd!
* * * LOW HITPOINT WARNING * * *
The gnoll hits you with a +0 club.
* * * LOW HITPOINT WARNING * * *
Casting: Sting (safe; 3% risk of failure)
Confirm with . or Enter, or press ? or * to list all spells.
Aiming: Sting (safe; 3% risk of failure)
Press: ? - help, Shift-Dir - straight line, f/p - gnoll
Aim: a gnoll, wielding a +0 club (covering ground quickly, 75% to hit)
The sting hits the gnoll.
The gnoll is poisoned.
The gnoll is moderately wounded.
The gnoll closely misses you. The gnoll barely misses you.
Unknown command.
You hit the gnoll.
The gnoll is heavily wounded.
The gnoll is no longer moving quickly.
The gnoll barely misses you.
Casting: Sting (safe; 3% risk of failure)
Confirm with . or Enter, or press ? or * to list all spells.
Aiming: Sting (safe; 3% risk of failure)
Press: ? - help, Shift-Dir - straight line, f - phantom, p - gnoll
Aim: a phantom (lightly damaged, 60% to hit)
The sting hits the gnoll.
The gnoll looks even sicker.
The gnoll is almost dead.
You kill the gnoll!
The gnoll closely misses you.
As you read the scroll labelled RONWAZXENE, it crumbles to dust.
The scroll dissolves into smoke.
It was a scroll of fog.
The gnoll barely misses you. The phantom barely misses you.
The gnoll hits you from afar with a +0 halberd.
* * * LOW HITPOINT WARNING * * *
The phantom hits you.
You die...

.....####
........#
<.......#
## #
#########
.. # .# #
.#.# .#
#.##.#.
..#
#§#§§§
###..#
#.§§§#
#g..g#
#@####.##
#§W§....#
###g###<#
#.# ### ∆
... .#.##
..#.# ..
..# ∆ ##.
.##


You could see a phantom and a gnoll (swift).

Vanquished Creatures
  A water moccasin (D:5)
  2 phantoms (D:4)
  2 scorpions
  A gnoll bouda (D:5)
  2 hounds (D:5)
  An iguana (D:3)
  3 orc wizards (D:4)
  3 gnolls (D:5)
  3 adders
  A dart slug (D:3)
  7 orcs
  5 bats
  7 endoplasms
  2 giant cockroaches
  8 goblins
  6 hobgoblins
  4 jackals (D:1)
  A quokka (D:3)
  7 ball pythons
  4 frilled lizards
  7 kobolds
  5 rats
82 creatures vanquished.

Notes
Turn   | Place    | Note
-------+----------+-------------------------------------------
     0 | D:1      | Reached skill level 9 in Spellcasting
     0 | D:1      | jtron the Gnoll Wanderer began the quest for the Orb.
     0 | D:1      | jtron set off with the following items: a +0 dagger, a
                  | potion of attraction, a +0 robe, a potion of curing; and
                  | the following spells available to memorise: Sting,
                  | Poisonous Vapours, Shock, Mephitic Cloud.
     0 | D:1      | Reached XP level 1. HP: 20/20 MP: 10/10
     2 | D:1      | Learned a level 1 spell: Sting
   170 | D:1      | Reached XP level 2. HP: 24/26 MP: 12/12
   368 | D:1      | Found a faded altar of an unknown god.
   768 | D:2      | Reached XP level 3. HP: 31/31 MP: 13/13
   971 | D:2      | Reached skill level 1 in Invocations
  1044 | D:2      | Reached skill level 1 in Short Blades
  1044 | D:2      | Reached skill level 1 in Long Blades
  1044 | D:2      | Reached skill level 1 in Axes
  1044 | D:2      | Reached skill level 1 in Maces & Flails
  1044 | D:2      | Reached skill level 1 in Polearms
  1044 | D:2      | Reached skill level 1 in Staves
  1044 | D:2      | Reached skill level 1 in Ranged Weapons
  1044 | D:2      | Reached skill level 1 in Throwing
  1044 | D:2      | Reached skill level 1 in Armour
  1044 | D:2      | Reached skill level 1 in Shields
  1044 | D:2      | Reached skill level 1 in Unarmed Combat
  1044 | D:2      | Reached skill level 1 in Evocations
  1329 | D:3      | Reached XP level 4. HP: 37/38 MP: 15/15
  1561 | D:3      | Identified a scroll of acquirement
  1561 | D:3      | Acquired 852 gold pieces
  1769 | D:3      | Reached skill level 1 in Conjurations
  1769 | D:3      | Reached skill level 1 in Hexes
  1769 | D:3      | Reached skill level 1 in Summonings
  1769 | D:3      | Reached skill level 1 in Necromancy
  1769 | D:3      | Reached skill level 1 in Translocations
  1769 | D:3      | Reached skill level 1 in Transmutations
  1769 | D:3      | Reached skill level 1 in Fire Magic
  1769 | D:3      | Reached skill level 1 in Ice Magic
  1769 | D:3      | Reached skill level 1 in Air Magic
  1769 | D:3      | Reached skill level 1 in Earth Magic
  1964 | D:4      | Noticed a phantom
  1994 | D:4      | Killed a phantom
  1995 | D:4      | Reached XP level 5. HP: 32/43 MP: 16/16
  2362 | D:4      | Reached XP level 6. HP: 50/50 MP: 14/18
  2385 | D:4      | Found a white marble altar of Elyvilon.
  2436 | D:4      | Reached skill level 5 in Fighting
  2441 | D:4      | Learned a level 3 spell: Mephitic Cloud
  2461 | D:4      | Found a shadowy altar of Dithmenos.
  2494 | D:4      | Learned a level 1 spell: Shock
  2640 | D:4      | Found a radiant altar of Vehumet.
  2685 | D:4      | Found an ancient bone altar of Kikubaaqudgha.
  2737 | D:4      | Found a shimmering blue altar of Sif Muna.
  2933 | D:5      | Entered Level 5 of the Dungeon
  2967 | D:5      | Reached XP level 7. HP: 45/56 MP: 18/20
  3348 | D:5      | HP: 2/56 [gnoll/+0 halberd[a gnoll bouda] (5)]
  3348 | D:5      | Slain by a phantom

Illustrated notes

Levels and vault maps discovered:
D:1:      co_arrival_two_rings, layout_rooms,
          hellmonk_ecumenical_altar_inner_sanctum
D:2:      layout_rooms, minmay_distorted
D:3:      layout_basic
D:4:      wander_river, layout_basic, palyth_temple_overflow_mages,
          lemuel_round_altar, amcnicky_altar_gilded
D:5:      layout_basic, ashenzari_conservatory_becter, kennysheep_little_box,
          lemuel_temple_firewalk_b, serial_bayou_crossing

Skill      XL: |  1  2  3  4  5  6  7 |
---------------+----------------------+-----
Spellcasting   | |  9.7
Invocations    | 1 2 3 |  3.0
Short Blades   | 1 2 |  2.7
Long Blades    | 1 2 |  2.7
Axes           | 1 2 |  2.7
Maces & Flails | 1 2 |  2.7
Polearms       | 1 2 |  2.7
Staves         | 1 2 |  2.7
Ranged Weapons | 1 2 |  2.7
Throwing       | 1 2 |  2.7
Armour         | 1 2 |  2.7
Shields        | 1 2 |  2.7
Unarmed Combat | 1 2 |  2.7
Evocations     | 1 2 |  2.7
Conjurations   | 1 2 |  2.2
Hexes          | 1 2 |  2.2
Summonings     | 1 2 |  2.2
Necromancy     | 1 2 |  2.2
Translocations | 1 2 |  2.2
Transmutations | 1 2 |  2.2
Fire Magic     | 1 2 |  2.2
Ice Magic      | 1 2 |  2.2
Air Magic      | 1 2 |  2.2
Earth Magic    | 1 2 |  2.2
Dodging        | 3 |  3.8
Poison Magic   | 4 |  4.4
Stealth        | 3 |  3.6
Fighting       | 5 |  5.4

Action                     |  1- 3 |  4- 6 |  7- 9 || total
---------------------------+-------+-------+-------++-------
  Melee: Dagger            |    40 |       |       ||    40
         Short sword       |   106 |   165 |    35 ||   306
         Bite              |    12 |    16 |     3 ||    31
         Punch             |     1 |     5 |       ||     6
  Throw: Dart              |     5 |     8 |       ||    13
   Cast: Sting             |     7 |    11 |    12 ||    30
         Shock             |       |     6 |     8 ||    14
    Use: Scroll            |     1 |     8 |     1 ||    10
         Potion            |     2 |       |     1 ||     3
   Stab: Sleeping          |       |     6 |     1 ||     7
 Armour: Robe              |    25 |    34 |    10 ||    69
  Dodge: Dodged            |   104 |    43 |    35 ||   182
